Map: Abyssal Reef LE

Players

Juxtapose - Winner!

  • Race: Protoss Protoss
  • Spawn Location: 5:00

TomasVino

  • Race: Zerg Zerg
  • League: Silver
  • Spawn Location: 11:00

VOD

https://youtu.be/Jf0Ke5VwYm4

Description

Lag is the name of the game in this match. It was pretty bad and while it wasn't impossible to play, you couldn't do much in the way of precision.

Still, it was an alright match, and a few things I'm proud of:

- This is my first time creating a proxy building. Ever.
- I believe this was the first time I opened with an Oracle harass in Unranked. It certainly wasn't perfectly executed, but did the trick well enough.
- I didn't forget the Mothership Core!

I'm actually quite tired today and not at the best mental alertness, so the lag actually helped me in a sense since we were both crippled.

Time

  • Played on: May 17, 2017, 8:50 p.m.
  • Length: 6:24
Show
View Real Time Build Order
Export as new Build Order

Juxtapose Protoss - Winner!

Build Orders: Oracle Opening 

Get SALT Encoding   

  12  0:02  Probe (Chrono Boost)  
  13  0:12  Probe (Chrono Boost)  
  14  0:19  Pylon  
  14  0:23  Probe (Chrono Boost)  
  15  0:37  Probe (Chrono Boost)  
  15  0:40  Gateway  
  16  0:48  Probe (Chrono Boost)  
  17  0:58  Probe (Chrono Boost)  
  17  1:03  Pylon  
  18  1:09  Probe (Chrono Boost)  
  19  1:13  Assimilator  
  19  1:19  Probe (Chrono Boost)  
  20  1:30  Probe (Chrono Boost)  
  21  1:38  Cybernetics Core  
  21  1:40  Probe (Chrono Boost)  
  21  1:44  Assimilator  
  22  1:48  Zealot  
  22  1:51  Probe (Chrono Boost)  
  25  1:56  Pylon  
  25  2:18  Pylon  
  25  2:26  Stargate  
  25  2:56  Gateway  
  25  3:05  Nexus  
  25  3:07  Pylon  
  25  3:10  Oracle  
  28  3:27  Adept  
  30  3:36  Probe (Chrono Boost)  
  31  3:46  Oracle  
  36  3:50  Mothership Core (Chrono Boost)  
  36  3:53  Forge  
  36  4:23  Adept x2  
  40  4:32  Twilight Council  
  40  4:38  Robotics Facility  
  40  4:43  Probe (Chrono Boost)  
  40  4:44  Probe (Chrono Boost)  
  42  5:24  Probe (Chrono Boost)  
  42  5:26  Probe (Chrono Boost)  
  44  5:35  Probe (Chrono Boost)  
  45  5:37  Adept x2  
  45  5:38  Probe (Chrono Boost)  
Show
View Real Time Build Order
Export as new Build Order

TomasVino Zerg 

Build Orders: Hatch First 

Get SALT Encoding   

  12  0:12  Drone x2  
  14  0:32  Overlord  
  14  0:55  Drone x2  
  16  1:15  Drone, Hatchery  
  16  1:16  Drone  
  16  1:17  Spawning Pool  
  16  1:31  Drone  
  17  1:33  Extractor  
  17  1:36  Drone  
  17  1:50  Drone  
  18  1:57  Drone  
  19  2:13  Drone  
  20  2:31  Queen, Roach Warren  
  20  2:32  Queen  
  20  2:34  Zergling x6  
  26  3:01  Spine Crawler  
  25  3:06  Drone x2  
  25  3:07  Extractor  
  26  3:17  Queen  
  26  3:18  Overlord x2  
  28  3:41  Drone x3  
  28  3:42  Drone  
  32  3:52  Roach x3  
  32  3:53  Roach x3  
  44  3:59  Metabolic Boost  
  44  4:13  Overlord x2  
  44  4:38  Drone x9  
Tags
 
Add a new tag
Caveats
  • Supply blocks, unpowered buildings, or Contaminate may cause inaccurate times.
  • Supply counts are checked every 10 seconds.